 Seeded DCSS version 0.31-a0-1278-g11c5b68f87 (webtiles) character file.

Game seed: 11648212501175763444 (custom seed)

135 timneilson the Ruffian (level 5, -1/34 HPs)
             Began as an Octopode Shapeshifter on Dec 17, 2023.
             Slain by an orc
             ... wielding a +0 mace
              (8 damage)
             ... on level 3 of the Dungeon.
             The game lasted 00:03:58 (2806 turns).

timneilson the Ruffian (Octopode Shapeshifter)      Turns: 2806, Time: 00:03:58

Health: -1/34      AC:  1    Str: 16    XL:     5   Next: 18%
Magic:  5/5        EV: 13    Int: 12    God:
Gold:   198        SH:  0    Dex: 11    Spells: 4/4 levels left

rFire   + .          .
                       - Unarmed
rCold   . . .        (no shield)
rNeg    . . .        (helmet currently unavailable)
rPois   .            (no amulet)
rElec   .            e - ring of protection from fire
rCorr   .            (no ring)
SInv    .            (no ring)
Will    .....        (no ring)
Stlth   +++          (no ring)
HPRegen 0.25/turn    (no ring)
MPRegen 0.09/turn    (no ring)
                     (no ring)

%: no passive effects
@: beast-form
A: beast (slay +2), almost no armour, amphibious, 8 rings, camouflage 1,
gelatinous body 1, (nimble swimmer 1), tentacles
a: Begin Untransformation


You were on level 3 of the Dungeon.
You were a hulking beast.
You visited 1 branch of the dungeon, and saw 4 of its levels.

You collected 198 gold pieces.

Inventory:

Jewellery
 e - a ring of protection from fire (left tentacle)
Talismans
 b - a beast talisman
 c - a flux talisman
Wands
 k - a wand of light (5)
Scrolls
 f - a scroll of amnesia
 i - a scroll of teleportation
Potions
 a - a potion of lignification
 g - 2 potions of enlightenment
 j - a potion of resistance


   Skills:
 * Level 2.2 Fighting
 * Level 2.9 Dodging
 + Level 2.0 Stealth
 * Level 3.7 Unarmed Combat
 * Level 3.6 Shapeshifting


You had 4 spell levels left.
You didn't know any spells.
Your spell library contained the following spells:

 Spells                   Type           Power      Damage    Failure   Level
 Shock                    Conj/Air       0%         1d3       32%         1
 Poisonous Vapours        Pois/Air       0%         N/A       45%         2
 Mephitic Cloud           Conj/Pois/Air  0%         N/A       69%         3
 Swiftness                Air            0%         N/A       69%         3
 Airstrike                Air            0%         2d(0-16)  97%         4
 Freezing Cloud           Conj/Ice/Air   0%         6-21      100%        5
 Iskenderun's Battlesphe  Conj           0%         2d6       100%        5
 Bombard                  Conj/Erth      0%         9d1       100%        6
 Spellforged Servitor     Conj/Summ      0%         N/A       100%        7


Dungeon Overview and Level Annotations

Branches:
Dungeon (4/15)
 Temple: D:4-7

Altars:

Shops:
D:1 =


Innate Abilities, Weirdness & Mutations

You are a hulking beast.
Your limbs bulge with bestial killing power. (Slay +2)
You cannot wear most types of armour.
You are amphibious.
You can wear up to eight rings at the same time.
Your skin changes colour to match your surroundings (Stealth+).
Your rubbery body absorbs attacks. (AC +1, EV +1)
((You are camouflaged when in or above water. (Stealth+)))
You have tentacles for arms and can constrict up to eight enemies at once.


Message History

A ball python comes into view.
The goblin hits you with a +0 dagger.
You tentacle-slap the goblin.
You kill the goblin!
The orc barely misses you. The orc hits you with a +0 hand axe.
You climb upwards.
There is a stone staircase leading down here.
You tentacle-slap the worm. Your grab misses the worm.
The worm is lightly wounded.
The orc barely misses you. The orc misses you. The worm barely misses you.
You barely miss the worm. You grab the worm.
The worm is lightly wounded.
You constrict the worm. The orc barely misses you.
The orc hits you with a +0 hand axe.
You bludgeon the worm!
The worm is heavily wounded.
You constrict the worm. The orc misses you.
The orc hits you with a +0 hand axe! The worm barely misses you.
You bludgeon the worm!
The worm is almost dead.
You constrict the worm. The orc barely misses you.
The orc completely misses you.
You bludgeon the worm!
You kill the worm!
The orc barely misses you. The orc closely misses you.
Your Stealth skill increases to level 2!
You tentacle-slap the orc. Your grab misses the orc.
The orc is moderately wounded.
The orc hits you with a +0 mace. The orc hits you with a +0 hand axe.
You tentacle-slap the orc. Your grab misses the orc.
Your squeeze misses the orc.
The orc is moderately wounded.
The orc hits you with a +0 mace!
* * * LOW HITPOINT WARNING * * *
The orc completely misses you.
Unknown command.
You tentacle-slap the orc. You grab the orc.
The orc is heavily wounded.
You constrict the orc. The orc hits you with a +0 mace!
You die...

#.# #..## #.# #### #.#
##..## #.#
...###.####...# #.#
..............# #.###
..............## #...#
...............# ###.#
#..............## #.#
#..............o######.#
#............#.oh......#
########################


You could see 2 orcs.

Vanquished Creatures
  7 adders
  A worm (D:3)
  5 dart slugs
  10 bats
  2 giant cockroaches
  7 hobgoblins
  4 jackals (D:1)
  2 quokkas
  2 ball pythons
  A frilled lizard (D:2)
  5 goblins
  8 kobolds
  6 rats
60 creatures vanquished.

Notes
Turn   | Place    | Note
-------+----------+-------------------------------------------
     0 | D:1      | timneilson the Octopode Shapeshifter began the quest for
                  | the Orb.
     0 | D:1      | Reached XP level 1. HP: 13/13 MP: 1/1
   148 | D:1      | Reached XP level 2. HP: 6/18 MP: 2/2
   236 | D:1      | Reached skill level 1 in Stealth
   468 | D:1      | Found a transporter.
   468 | D:1      | Found Zablos's Jewellery Shop.
   737 | D:1      | Reached XP level 3. HP: 19/23 MP: 3/3
   742 | D:1      | Found a transporter.
  1802 | D:3      | Reached XP level 4. HP: 29/29 MP: 4/4
  2015 | D:2      | Identified the +1 leather armour "Puoklof" {Harm}
  2158 | D:2      | Reached XP level 5. HP: 16/34 MP: 5/5
  2806 | D:3      | Slain by an orc

Illustrated notes

Levels and vault maps discovered:
D:1:      dpeg_arrival_rhombus, layout_basic, serial_shops,
          nicolae_shop_drivethru, minmay_vboxes
D:2:      layout_basic
D:3:      layout_basic
D:4:      layout_rooms, lightli_sewer_entry_pipes,
          mainiacjoe_ossuary_entry_find_the_door, uniq_eustachio, uniq_menkaure

Skill      XL: |  1  2  3  4  5 |
---------------+----------------+-----
Stealth        | 1 2 |  2.0
Fighting       | 2 |  2.2
Dodging        | |  2.9
Unarmed Combat | |  3.7
Shapeshifting  | |  3.6

Action                     |  1- 3 |  4- 6 || total
---------------------------+-------+-------++-------
  Melee: Unarmed           |    66 |    55 ||   121
         Constrict         |    19 |    10 ||    29
         Tentacles         |    13 |     3 ||    16
         Punch             |     3 |       ||     3
    Use: Scroll            |     6 |     2 ||     8
   Stab: Sleeping          |     7 |     5 ||    12
         Distracted        |       |     1 ||     1
 Armour: Skin              |    30 |    30 ||    60
  Dodge: Dodged            |    32 |    39 ||    71

Table legend: (Time is in decaauts)
 A = Elapsed time spent in this place.
 B = Non-inter-level travel time spent in this place.
 C = Inter-level travel time spent in this place.
 D = Time resting spent in this place.
 E = Time spent auto-exploring this place.
 F = Levels seen in this place.
 G = Mean time per level.
                   A        B        C        D        E       F      G
               +--------+--------+--------+--------+--------+-----+--------+
         Total |   2798 |   2569 |    229 |     62 |   2032 |   4 |  699.5 |
       Dungeon |   2798 |   2569 |    229 |     62 |   2032 |   4 |  699.5 |
               +--------+--------+--------+--------+--------+-----+--------+

Top non-repeatable levels by time:
     D:2: 1185 daAuts
     D:1: 870 daAuts
     D:3: 733 daAuts
     D:4: 8 daAuts
